NCAA
MISSISSIPPI STATE BULLDOGS @ LOUISVILLE CARDINALS
04/22/2027
 
TOP OF THE 1ST
Mississippi State Bulldogs batting - Pitching for Louisville Cardinals : RHP Rod Whitaker
Pitching: RHP Rod Whitaker
Batting: RHB Hunter Hudson 0-0: Ball
1-0: Foul Ball, location: 2F
1-1: Ball
2-1: Ball
3-1: Base on Balls
Batting: RHB Josh Randall 0-0: Ball
1-0: SINGLE (Line Drive, 8LS)
Hunter Hudson to second
Batting: RHB Phil Rowlett 0-0: Swinging Strike
0-1: Ball
1-1: Foul Ball, location: 2F
1-2: Fly out, F8 (Flyball, 8RS)
Batting: LHB Trey Fitzpatrick 0-0: Ball
1-0: Called Strike
1-1: Swinging Strike
1-2: Strikes out swinging
Batting: LHB Lúcio Gómez 0-0: Ball
1-0: Fly out, F8 (Line Drive, 89D)
Top of the 1st over - 0 run(s), 1 hit(s), 0 error(s), 2 left on base; Mississippi State 0 - Louisville 0
BOTTOM OF THE 1ST
Louisville Cardinals batting - Pitching for Mississippi State Bulldogs : RHP Brian Harvey
Pitching: RHP Brian Harvey
Batting: RHB Doug Bell 0-0: Called Strike
0-1: Ball
1-1: Foul Ball, location: 2F
1-2: Strikes out swinging
Batting: RHB Justin Tomlinson 0-0: Foul Ball, location: 2F
0-1: Swinging Strike
0-2: Ground out 6-3 (Groundball, 6)
Batting: RHB James Everhart 0-0: Ball
1-0: Foul Ball, location: 2F
1-1: Swinging Strike
1-2: Foul Ball, location: 2F
1-2: Ball
2-2: Strikes out swinging
Bottom of the 1st over - 0 run(s), 0 hit(s), 0 error(s), 0 left on base; Mississippi State 0 - Louisville 0
TOP OF THE 2ND
Mississippi State Bulldogs batting - Pitching for Louisville Cardinals : RHP Rod Whitaker
Batting: LHB Jack Crawford 0-0: Ball
1-0: Ball
2-0: Ball
3-0: Base on Balls
Batting: RHB Nick Dillon 0-0: Ball
1-0: Ball
2-0: Ball
3-0: Base on Balls
Jack Crawford to second
Batting: LHB Darren Cook 0-0: Fly out, F9 (Flyball, 9)
Batting: SHB Jessie Teague 0-0: Ball
1-0: Ball
2-0: Ball
3-0: Called Strike
3-1: Base on Balls
Jack Crawford to third
Nick Dillon to second
Batting: RHB Hunter Hudson 0-0: Foul Ball, location: 2F
0-1: Ball
1-1: Foul Ball, location: 2F
1-2: Strikes out looking
Batting: RHB Josh Randall 0-0: Called Strike
0-1: Fielders Choice at 2nd, 5-4 (Groundball, 56)
Top of the 2nd over - 0 run(s), 0 hit(s), 0 error(s), 2 left on base; Mississippi State 0 - Louisville 0
BOTTOM OF THE 2ND
Louisville Cardinals batting - Pitching for Mississippi State Bulldogs : RHP Brian Harvey
Batting: RHB Michael Harris 0-0: Called Strike
0-1: Called Strike
0-2: Ball
1-2: Foul Ball, location: 2F
1-2: Foul Ball, location: 2F
1-2: Foul Ball, location: 2F
1-2: Ball
2-2: Ball
3-2: Foul Ball, location: 2F
3-2: Ground out 6-3 (Groundball, 6)
Batting: RHB Mike Harris 0-0: Called Strike
0-1: Fly out, F2 (Popup, 13S)
Batting: RHB Bobby Hendricks 0-0: Ground out 4-3 (Groundball, 4)
Bottom of the 2nd over - 0 run(s), 0 hit(s), 0 error(s), 0 left on base; Mississippi State 0 - Louisville 0
TOP OF THE 3RD
Mississippi State Bulldogs batting - Pitching for Louisville Cardinals : RHP Rod Whitaker
Batting: RHB Phil Rowlett 0-0: Foul Ball, location: 2F
0-1: Ball
1-1: Swinging Strike
1-2: Ball
2-2: Ball
3-2: Base on Balls
Batting: LHB Trey Fitzpatrick 0-0: Ball
1-0: Called Strike
1-1: Called Strike
1-2: Ball
2-2: SINGLE (Flyball, 89S)
Phil Rowlett to second
Batting: LHB Lúcio Gómez 0-0: Foul Ball, location: 2F
0-1: Ball
1-1: Swinging Strike
1-2: Foul Ball, location: 2F
1-2: Foul Ball, location: 2F
1-2: Ball
2-2: Foul Ball, location: 2F
2-2: Fly out, F7 (Flyball, 78S)
Batting: LHB Jack Crawford 0-0: Called Strike
0-1: Foul Ball, location: 2F
0-2: Ball
1-2: Fly out, F8 (Line Drive, 8LM)
Batting: RHB Nick Dillon 0-0: Ball
1-0: Ground out U3 (Groundball, 34)
Top of the 3rd over - 0 run(s), 1 hit(s), 0 error(s), 2 left on base; Mississippi State 0 - Louisville 0
BOTTOM OF THE 3RD
Louisville Cardinals batting - Pitching for Mississippi State Bulldogs : RHP Brian Harvey
Batting: RHB Victor Gilbert 0-0: Foul Ball, location: 2F
0-1: Ball
1-1: Swinging Strike
1-2: Ball
2-2: Strikes out looking
Batting: RHB Troy Legge 0-0: Ball
1-0: Swinging Strike
1-1: Ball
2-1: Foul Ball, location: 2F
2-2: Ball
3-2: DOUBLE (Line Drive, 7LM)
Batting: RHB Scott Cabrera 0-0: Foul Ball, location: 2F
Balk!
Troy Legge to third
0-1: Ball
1-1: Swinging Strike
1-2: Ball
2-2: Strikes out swinging
Batting: RHB Doug Bell 0-0: Swinging Strike
0-1: Ball
1-1: Fly out, F7 (Flyball, 7)
Bottom of the 3rd over - 0 run(s), 1 hit(s), 0 error(s), 1 left on base; Mississippi State 0 - Louisville 0
TOP OF THE 4TH
Mississippi State Bulldogs batting - Pitching for Louisville Cardinals : RHP Rod Whitaker
Batting: LHB Darren Cook 0-0: Ball
1-0: Called Strike
1-1: Foul Ball, location: 2F
1-2: Reached on error, E4 (Groundball, 4)
Batting: SHB Jessie Teague 0-0: Ball
1-0: Called Strike
1-1: SINGLE (Groundball, 6MD)
Darren Cook to second
Batting: RHB Hunter Hudson 0-0: 3-RUN HOME RUN (Line Drive, 7LD), Distance : 323 ft
Batting: RHB Josh Randall 0-0: Called Strike
0-1: DOUBLE (Flyball, 8RD)
Batting: RHB Phil Rowlett 0-0: Called Strike
0-1: Ball
1-1: Ball
2-1: Swinging Strike
2-2: Strikes out swinging
Batting: LHB Trey Fitzpatrick 0-0: Ball
1-0: Ball
2-0: Ground out U3 (Groundball, 34)
Josh Randall to third
Pitching: RHP Orlando Zúñica
Batting: LHB Lúcio Gómez 0-0: Foul Ball, location: 2F
0-1: Ball
1-1: Foul Ball, location: 2F
1-2: Ball
2-2: Foul Ball, location: 2F
2-2: Ball
3-2: Base on Balls
Batting: LHB Jack Crawford 0-0: Ball
1-0: Ground out U3 (Groundball, 3)
Top of the 4th over - 3 run(s), 3 hit(s), 1 error(s), 2 left on base; Mississippi State 3 - Louisville 0
BOTTOM OF THE 4TH
Louisville Cardinals batting - Pitching for Mississippi State Bulldogs : RHP Brian Harvey
Batting: RHB Justin Tomlinson 0-0: Called Strike
0-1: Called Strike
0-2: Ball
1-2: Foul Ball, location: 2F
1-2: Foul Ball, location: 2F
1-2: Fly out, F7 (Flyball, 78D)
Batting: RHB James Everhart 0-0: Called Strike
0-1: SINGLE (Groundball, 6MD)
Batting: RHB Michael Harris 0-0: Called Strike
0-1: Ball
1-1: Ball
2-1: Fielders Choice at 2nd, 5-4 (Groundball, 56)
Batting: RHB Mike Harris 0-0: Ball
1-0: Called Strike
1-1: Ball
2-1: Ball
3-1: SINGLE (Flyball, 8LS)
Michael Harris to second
Batting: RHB Bobby Hendricks 0-0: Ball
1-0: DOUBLE (Line Drive, 9LM)
Michael Harris scores
Mike Harris to third
Batting: RHB Victor Gilbert 0-0: Reached on error, E5 (Groundball, 56)
Mike Harris scores
Bobby Hendricks to third
Batting: RHB Troy Legge 0-0: Ball
1-0: Called Strike
1-1: Ball
2-1: Swinging Strike
2-2: Ground out U3 (Groundball, 34)
Bottom of the 4th over - 2 run(s), 3 hit(s), 1 error(s), 2 left on base; Mississippi State 3 - Louisville 2
TOP OF THE 5TH
Mississippi State Bulldogs batting - Pitching for Louisville Cardinals : RHP Orlando Zúñica
Batting: RHB Nick Dillon 0-0: Ball
1-0: Swinging Strike
1-1: DOUBLE (Line Drive, 89D)
Batting: LHB Darren Cook 0-0: Swinging Strike
0-1: Foul Ball, location: 2F
0-2: Ball
1-2: Ground out 4-3 (Groundball, 4)
Nick Dillon to third
Batting: SHB Jessie Teague 0-0: Ball
1-0: Ball
2-0: Foul Ball, location: 2F
2-1: Ball
3-1: Swinging Strike
3-2: Strikes out swinging
Batting: RHB Hunter Hudson 0-0: Ball
1-0: Ball
2-0: Called Strike
2-1: Fly out, F5 (Flyball, 5D)
Top of the 5th over - 0 run(s), 1 hit(s), 0 error(s), 1 left on base; Mississippi State 3 - Louisville 2
BOTTOM OF THE 5TH
Louisville Cardinals batting - Pitching for Mississippi State Bulldogs : RHP Brian Harvey
Batting: RHB Scott Cabrera 0-0: Foul Ball, location: 2F
0-1: Ball
1-1: Ball
2-1: Ball
3-1: Foul Ball, location: 2F
3-2: Base on Balls
Batting: RHB Doug Bell 0-0: Fielders Choice at 2nd, 6-4 (Groundball, 6)
Batting: RHB Justin Tomlinson 0-0: Ball
1-0: Ball
2-0: Called Strike
2-1: Foul Ball, location: 2F
2-2: Foul Ball, location: 2F
2-2: Grounds into double play, 6-4-3 (Groundball, 6)
Bottom of the 5th over - 0 run(s), 0 hit(s), 0 error(s), 0 left on base; Mississippi State 3 - Louisville 2
TOP OF THE 6TH
Mississippi State Bulldogs batting - Pitching for Louisville Cardinals : RHP Orlando Zúñica
Batting: RHB Josh Randall 0-0: Fly out, F8 (Flyball, 8LM)
Batting: RHB Phil Rowlett 0-0: Ball
1-0: Called Strike
1-1: Fly out, F9 (Flyball, 9LSF)
Batting: LHB Trey Fitzpatrick 0-0: Ball
1-0: Called Strike
1-1: Foul Ball, location: 2F
1-2: Foul Ball, location: 2F
1-2: Ball
2-2: Strikes out swinging
Top of the 6th over - 0 run(s), 0 hit(s), 0 error(s), 0 left on base; Mississippi State 3 - Louisville 2
BOTTOM OF THE 6TH
Louisville Cardinals batting - Pitching for Mississippi State Bulldogs : RHP Brian Harvey
Pitching: RHP Ricardo Cervantes
Batting: RHB James Everhart 0-0: Ball
1-0: Ball
2-0: Called Strike
2-1: Ball
3-1: Base on Balls
Batting: RHB Michael Harris 0-0: Ball
1-0: Swinging Strike
1-1: Ball
2-1: Foul Ball, location: 2F
2-2: Foul Ball, location: 2F
2-2: Ball
3-2: Base on Balls
James Everhart to second
Batting: RHB Mike Harris 0-0: Called Strike
0-1: Ball
1-1: Fly out, F9 (Flyball, 89XD)
Runner from 2nd tags up, SAFE at 3rd, no throw
Batting: RHB Bobby Hendricks 0-0: Called Strike
0-1: Grounds into double play, 4-6-3 (Groundball, 4M)
Bottom of the 6th over - 0 run(s), 0 hit(s), 0 error(s), 1 left on base; Mississippi State 3 - Louisville 2
TOP OF THE 7TH
Mississippi State Bulldogs batting - Pitching for Louisville Cardinals : RHP Orlando Zúñica
Batting: LHB Lúcio Gómez 0-0: Called Strike
0-1: Ball
1-1: Called Strike
1-2: Strikes out swinging
Batting: LHB Jack Crawford 0-0: Ball
1-0: Swinging Strike
1-1: Ground out U3 (Groundball, 34)
Batting: RHB Nick Dillon 0-0: Foul Ball, location: 2F
0-1: Ball
1-1: Ball
2-1: Ball
3-1: Foul Ball, location: 2F
3-2: Foul Ball, location: 2F
3-2: Base on Balls
Batting: LHB Darren Cook 0-0: Called Strike
0-1: Fly out, F9 (Flyball, 9S)
Top of the 7th over - 0 run(s), 0 hit(s), 0 error(s), 1 left on base; Mississippi State 3 - Louisville 2
BOTTOM OF THE 7TH
Louisville Cardinals batting - Pitching for Mississippi State Bulldogs : RHP Ricardo Cervantes
Batting: RHB Victor Gilbert 0-0: Foul Ball, location: 2F
0-1: Ball
1-1: Foul Ball, location: 2F
1-2: Strikes out swinging
Batting: RHB Troy Legge 0-0: Ball
1-0: Reached on error, E1 (Groundball, 15)
Pinch Hitting: LHB Preston Spencer 0-0: Ball
1-0: Ball
2-0: Ball
3-0: Called Strike
3-1: Base on Balls
Troy Legge to second
Batting: RHB Doug Bell 0-0: Swinging Strike
0-1: SINGLE (Groundball, 34D)
Troy Legge to third
Preston Spencer to second
Runner from 3rd tries for Home, SAFE, no throw
Batting: RHB Justin Tomlinson 0-0: Ball
1-0: Foul Ball, location: 2F
1-1: Ball
2-1: Ball
3-1: Base on Balls
Preston Spencer to third
Doug Bell to second
Batting: RHB James Everhart 0-0: Foul Ball, location: 2F
0-1: Foul Ball, location: 2F
0-2: Ball
1-2: Ball
2-2: Ball
3-2: Fly out, F8 (Line Drive, 8RM)
Batting: RHB Michael Harris 0-0: Called Strike
0-1: Ball
1-1: Ball
2-1: Fielders Choice at 2nd, 5-4 (Groundball, 5)
Bottom of the 7th over - 1 run(s), 1 hit(s), 1 error(s), 2 left on base; Mississippi State 3 - Louisville 3
TOP OF THE 8TH
Mississippi State Bulldogs batting - Pitching for Louisville Cardinals : RHP Orlando Zúñica
Pitching: RHP Adam Lawson
Now at SS: George Richards
Batting: SHB Jessie Teague 0-0: Swinging Strike
0-1: Called Strike
0-2: Ball
1-2: Ball
2-2: Foul Ball, location: 2F
2-2: Strikes out swinging
Batting: RHB Hunter Hudson 0-0: Ball
1-0: Ball
2-0: Ball
3-0: Called Strike
3-1: Called Strike
3-2: SINGLE (Line Drive, 3)
Batting: RHB Josh Randall 0-0: Ball
1-0: Called Strike
Hunter Hudson steals 2nd base
1-1: Swinging Strike
1-2: Strikes out swinging
Batting: RHB Phil Rowlett 0-0: Ball
1-0: Ball
2-0: Ball
3-0: Base on Balls
Batting: LHB Trey Fitzpatrick 0-0: Swinging Strike
0-1: Ball
1-1: Fly out, F4 (Popup, 4D)
Top of the 8th over - 0 run(s), 1 hit(s), 0 error(s), 2 left on base; Mississippi State 3 - Louisville 3
BOTTOM OF THE 8TH
Louisville Cardinals batting - Pitching for Mississippi State Bulldogs : RHP Ricardo Cervantes
Batting: RHB Mike Harris 0-0: Ball
1-0: Foul Ball, location: 2F
1-1: Ball
2-1: Called Strike
2-2: Fly out, F8 (Flyball, 8RM)
Batting: RHB Bobby Hendricks 0-0: Swinging Strike
0-1: Swinging Strike
0-2: Ball
1-2: Strikes out swinging
Batting: RHB Victor Gilbert 0-0: Swinging Strike
0-1: Ball
1-1: Ball
2-1: Called Strike
2-2: Fly out, F8 (Line Drive, 8LM)
Bottom of the 8th over - 0 run(s), 0 hit(s), 0 error(s), 0 left on base; Mississippi State 3 - Louisville 3
TOP OF THE 9TH
Mississippi State Bulldogs batting - Pitching for Louisville Cardinals : RHP Adam Lawson
Pitching: RHP Shawn Gilliam
Batting: LHB Lúcio Gómez 0-0: Called Strike
0-1: SOLO HOME RUN (Flyball, 9LD), Distance : 319 ft
Batting: LHB Jack Crawford 0-0: Swinging Strike
0-1: Foul Ball, location: 2F
0-2: Ball
1-2: Ball
2-2: Strikes out swinging
Batting: RHB Nick Dillon 0-0: Ground out 4-3 (Groundball, 34)
Batting: LHB Darren Cook 0-0: Swinging Strike
0-1: Ball
1-1: Called Strike
1-2: Ball
2-2: Strikes out looking
Top of the 9th over - 1 run(s), 1 hit(s), 0 error(s), 0 left on base; Mississippi State 4 - Louisville 3
BOTTOM OF THE 9TH
Louisville Cardinals batting - Pitching for Mississippi State Bulldogs : RHP Ricardo Cervantes
Pitching: RHP Harry Cuevas
Batting: RHB Troy Legge 0-0: Ball
1-0: Ball
2-0: Ball
3-0: Called Strike
3-1: Foul Ball, location: 2F
3-2: Strikes out looking
Batting: RHB George Richards 0-0: TRIPLE (Line Drive, 78D)
Batting: RHB Doug Bell 0-0: Foul Ball, location: 2F
0-1: SINGLE (Groundball, 56D)
George Richards scores
Batting: RHB Justin Tomlinson 0-0: Ball
1-0: Ball
2-0: Called Strike
2-1: Foul Ball, location: 2F
2-2: Foul Ball, location: 2F
2-2: Grounds into double play, 6-4-3 (Groundball, 6M)
Bottom of the 9th over - 1 run(s), 2 hit(s), 0 error(s), 0 left on base; Mississippi State 4 - Louisville 4
TOP OF THE 10TH
Mississippi State Bulldogs batting - Pitching for Louisville Cardinals : RHP Shawn Gilliam
Batting: SHB Jessie Teague 0-0: Ground out 4-3 (Groundball, 4)
Batting: RHB Hunter Hudson 0-0: Ball
1-0: Foul Ball, location: 2F
1-1: Swinging Strike
1-2: Ground out 5-3 (Groundball, 5)
Batting: RHB Josh Randall 0-0: Ball
1-0: Ball
2-0: Called Strike
2-1: Swinging Strike
2-2: Strikes out swinging
Top of the 10th over - 0 run(s), 0 hit(s), 0 error(s), 0 left on base; Mississippi State 4 - Louisville 4
BOTTOM OF THE 10TH
Louisville Cardinals batting - Pitching for Mississippi State Bulldogs : RHP Harry Cuevas
Batting: RHB James Everhart 0-0: Called Strike
0-1: Foul Ball, location: 2F
0-2: Ball
1-2: Ball
2-2: Ball
3-2: Foul Ball, location: 2F
3-2: SINGLE (Groundball, 2L) (infield hit)
Batting: RHB Michael Harris 0-0: Ball
1-0: Swinging Strike
1-1: Ball
2-1: Swinging Strike
2-2: Strikes out swinging
Batting: RHB Mike Harris 0-0: SINGLE (Groundball, 4) (infield hit)
James Everhart to second
Batting: RHB Bobby Hendricks 0-0: Called Strike
0-1: Ball
1-1: Ball
2-1: Foul Ball, location: 2F
2-2: Foul Ball, location: 2F
2-2: Ball
3-2: Grounds into double play, 6-4-3 (Groundball, 6)
Bottom of the 10th over - 0 run(s), 2 hit(s), 0 error(s), 1 left on base; Mississippi State 4 - Louisville 4
TOP OF THE 11TH
Mississippi State Bulldogs batting - Pitching for Louisville Cardinals : RHP Shawn Gilliam
Pitching: RHP Jorge Flores
Batting: RHB Phil Rowlett 0-0: Ball
1-0: Called Strike
1-1: Ball
2-1: Foul Ball, location: 2F
2-2: Ball
3-2: Fly out, F9 (Flyball, 89M)
Batting: LHB Trey Fitzpatrick 0-0: Called Strike
0-1: Ball
1-1: Ball
2-1: Swinging Strike
2-2: Foul Ball, location: 2F
2-2: Strikes out swinging
Batting: LHB Lúcio Gómez 0-0: Ball
1-0: Ground out 1-3 (Groundball, 13S)
Top of the 11th over - 0 run(s), 0 hit(s), 0 error(s), 0 left on base; Mississippi State 4 - Louisville 4
BOTTOM OF THE 11TH
Louisville Cardinals batting - Pitching for Mississippi State Bulldogs : RHP Harry Cuevas
Pitching: RHP Jorge Morales
Batting: RHB Victor Gilbert 0-0: Called Strike
0-1: TRIPLE (Flyball, 9LM)
Batting: RHB Troy Legge 0-0: Ball
1-0: SINGLE (Flyball, 89M)
Victor Gilbert scores
Thursday, March 30th, 2017 - OOTP Baseball 17.12 Build 75